General information
- name: BNet
- type: Ladder team game (AT/RT)
- host: Battle.net
- saver: SWSSHIP.
map: Battleground
- players: 8
- length: 28:18
- speed: Fast
- version: 1.26 W3XP
- replay type: Public
» download(219 KB)
Players
team 1 (winner)

»
peaceoff (
red | 65 APM | 1816 actions | 27:48)
7 Priestess of the Moon
3 Searing Arrows
3 Trueshot Aura
1 Starfall
3 Keeper of the Grove
2 Entangling Roots
1 Thorns Aura
» actions
| Assign group hotkey | 107 | |
| Build / train | 82 | |
| Enter build submenu | 12 | |
| Enter hero's abilities submenu | 10 | |
| Give item / drop item | 2 | |
| Right click | 598 | |
| Select / deselect | 456 | |
| Select group hotkey | 491 | |
| Use ability | 55 | |
1816 total
» units
| Wisp | 12 | |
| Archer | 39 | |
| Forest Troll Shadow Priest | 2 | |
53 total
» upgrades
| Strength of the Moon | 3 | |
| Ultravision | 1 | |
| Moon Armor | 3 | |
| Improved Bows | 1 | |
| Marksmanship | 1 | |
9 total
» buildings
| Moon Well | 4 | |
| Ancient of War | 2 | |
| Altar of Elders | 1 | |
| Hunter's Hall | 1 | |
| Tree of Ages | 1 | |
| Tree of Eternity | 1 | |
| Ancient of Wind | 1 | |
| Chimaera Roost | 1 | |
12 total
» build order
00:11 Moon Well
00:21 Ancient of War
00:45 Altar of Elders
01:39 Moon Well
02:03 Ancient of War
02:30 Moon Well
04:05 Hunter's Hall
04:31 Tree of Ages
06:45 Moon Well
07:33 Tree of Eternity
11:30 Ancient of Wind
23:08 Chimaera Roost
» items
| Scroll of Town Portal | 4 | |
| Potion of Mana | 1 | |
| Healing Salve | 1 | |
6 total
Okdok5888 (
blue | 147 APM | 3755 actions | 25:37)
5 Blademaster
2 Wind Walk
3 Critical Strike
4 Shadow Hunter
2 Hex
2 Healing Wave
3 Tauren Chieftain
1 War Stomp
2 Endurance Aura
» actions
| Assign group hotkey | 29 | |
| Basic commands | 225 | |
| Build / train | 119 | |
| Enter build submenu | 16 | |
| Enter hero's abilities submenu | 14 | |
| Give item / drop item | 2 | |
| Right click | 1068 | |
| Select / deselect | 373 | |
| Select group hotkey | 1733 | |
| Use ability | 176 | |
3755 total
» units
| Peon | 18 | |
| Grunt | 9 | |
| Forest Troll Shadow Priest | 1 | |
| Wind Rider | 4 | |
| Kodo Beast | 7 | |
| Troll Batrider | 7 | |
| Ogre Mauler | 3 | |
49 total
» upgrades
| Armor | 1 | |
| Berserker Strength | 1 | |
| Ranged Weapons | 2 | |
| Envenomed Spears | 1 | |
| Reinforced Defenses | 1 | |
| War Drums Damage Increase | 1 | |
7 total
» buildings
| Altar of Storms | 1 | |
| Orc Burrow | 5 | |
| Barracks | 1 | |
| War Mill | 1 | |
| Voodoo Lounge | 1 | |
| Watch Tower | 3 | |
| Stronghold | 3 | |
| Fortress | 1 | |
| Spirit Lodge | 2 | |
| Beastiary | 2 | |
20 total
» build order
00:06 Altar of Storms
00:09 Orc Burrow
00:32 Barracks
01:29 Orc Burrow
01:52 War Mill
02:38 Voodoo Lounge
03:32 Watch Tower
04:03 Stronghold
04:03 Stronghold
04:23 Watch Tower
05:08 Orc Burrow
07:01 Fortress
07:02 Spirit Lodge
07:03 Beastiary
07:54 Spirit Lodge
07:56 Beastiary
09:14 Orc Burrow
17:27 Orc Burrow
19:18 Watch Tower
» items
| Healing Salve | 6 | |
| Lesser Clarity Potion | 8 | |
| Scroll of Town Portal | 2 | |
| Scroll of Speed | 4 | |
| Orb of Lightning | 1 | |
| Potion of Healing | 4 | |
| Potion of Mana | 2 | |
| Tiny Great Hall | 1 | |
28 total
SWSSHIP. (
yellow | 65 APM | 1836 actions | 28:18)
6 Blademaster
3 Wind Walk
2 Critical Strike
1 Bladestorm
» actions
| Assign group hotkey | 47 | |
| Basic commands | 41 | |
| Build / train | 66 | |
| Enter build submenu | 27 | |
| Enter hero's abilities submenu | 6 | |
| Give item / drop item | 2 | |
| Remove unit from queue | 2 | |
| Right click | 729 | |
| Select / deselect | 169 | |
| Select group hotkey | 654 | |
| Use ability | 93 | |
1836 total
» units
| Peon | 25 | |
| Troll Batrider | 6 | |
| Wind Rider | 5 | |
36 total
» upgrades
| Ranged Weapons | 2 | |
| Liquid Fire | 1 | |
| Reinforced Defenses | 1 | |
| Armor | 2 | |
| Envenomed Spears | 1 | |
7 total
» buildings
| Altar of Storms | 1 | |
| Orc Burrow | 6 | |
| War Mill | 1 | |
| Voodoo Lounge | 1 | |
| Watch Tower | 19 | |
| Stronghold | 1 | |
| Beastiary | 4 | |
| Fortress | 1 | |
| Great Hall | 1 | |
35 total
» build order
00:07 Altar of Storms
00:21 Orc Burrow
00:51 War Mill
01:23 Voodoo Lounge
02:05 Watch Tower
02:11 Watch Tower
02:27 Watch Tower
03:20 Stronghold
03:28 Orc Burrow
03:33 Orc Burrow
04:12 Watch Tower
04:36 Watch Tower
05:04 Orc Burrow
05:50 Beastiary
05:52 Beastiary
06:00 Beastiary
07:57 Fortress
13:48 Great Hall
13:53 Watch Tower
13:53 Watch Tower
13:54 Watch Tower
13:57 Watch Tower
13:59 Watch Tower
13:59 Watch Tower
14:44 Orc Burrow
15:13 Watch Tower
15:14 Watch Tower
15:15 Watch Tower
15:17 Watch Tower
16:52 Orc Burrow
16:57 Beastiary
18:01 Watch Tower
18:52 Watch Tower
18:52 Watch Tower
18:57 Watch Tower
» items
| Lesser Clarity Potion | 1 | |
| Healing Salve | 2 | |
| Boots of Speed | 1 | |
| Staff of Teleportation | 1 | |
| Potion of Healing | 1 | |
| Orb of Lightning | 2 | |
| Tiny Great Hall | 1 | |
9 total
Blademaster_ (
pink | 90 APM | 2554 actions | 28:17)
7 Blademaster
3 Wind Walk
3 Critical Strike
1 Bladestorm
» actions
| Assign group hotkey | 42 | |
| Basic commands | 15 | |
| Build / train | 100 | |
| ESC pressed | 2 | |
| Enter build submenu | 38 | |
| Enter hero's abilities submenu | 7 | |
| Give item / drop item | 12 | |
| Remove unit from queue | 1 | |
| Right click | 1435 | |
| Select / deselect | 235 | |
| Select group hotkey | 488 | |
| Use ability | 178 | |
2554 total
» units
» upgrades
| Spiked Barricades | 3 | |
| Armor | 3 | |
| Berserker Strength | 1 | |
| Ranged Weapons | 3 | |
| Reinforced Defenses | 1 | |
| Envenomed Spears | 1 | |
| Troll Regeneration | 1 | |
| Liquid Fire | 1 | |
| Pillage | 1 | |
| Ensnare | 1 | |
| Melee Weapons | 3 | |
19 total
» buildings
| Orc Burrow | 7 | |
| Altar of Storms | 1 | |
| Barracks | 1 | |
| Voodoo Lounge | 1 | |
| War Mill | 1 | |
| Stronghold | 3 | |
| Watch Tower | 20 | |
| Fortress | 5 | |
| Beastiary | 4 | |
43 total
» build order
00:09 Orc Burrow
00:34 Altar of Storms
00:50 Barracks
01:31 Orc Burrow
01:50 Voodoo Lounge
02:14 War Mill
03:31 Orc Burrow
04:03 Stronghold
04:03 Stronghold
04:03 Stronghold
04:11 Watch Tower
04:22 Watch Tower
05:21 Watch Tower
05:22 Watch Tower
05:23 Watch Tower
06:45 Watch Tower
06:48 Watch Tower
06:49 Watch Tower
08:08 Fortress
08:09 Fortress
08:09 Fortress
10:31 Watch Tower
10:31 Watch Tower
10:32 Watch Tower
10:33 Watch Tower
10:35 Watch Tower
11:24 Beastiary
11:26 Beastiary
11:28 Beastiary
13:03 Orc Burrow
13:05 Orc Burrow
15:34 Watch Tower
15:35 Watch Tower
15:36 Watch Tower
16:25 Orc Burrow
16:30 Orc Burrow
17:42 Watch Tower
19:05 Beastiary
19:12 Watch Tower
19:16 Watch Tower
19:22 Watch Tower
» items
| Healing Salve | 6 | |
| Boots of Speed | 5 | |
| Lesser Clarity Potion | 8 | |
| Dust of Appearance | 1 | |
| Orb of Lightning | 2 | |
22 total
team 2 (loser)
Newbs- (
orange | 26 APM | 640 actions | 24:15)
5 Tauren Chieftain
2 War Stomp
3 Endurance Aura
» actions
| Basic commands | 33 | |
| Build / train | 72 | |
| Enter build submenu | 18 | |
| Enter hero's abilities submenu | 6 | |
| Give item / drop item | 2 | |
| Remove unit from queue | 1 | |
| Right click | 179 | |
| Select / deselect | 278 | |
| Use ability | 51 | |
640 total
» units
» upgrades
| Melee Weapons | 3 | |
| Armor | 2 | |
| Shaman Training | 2 | |
| Reinforced Defenses | 1 | |
| Pulverize | 1 | |
9 total
» buildings
| Altar of Storms | 1 | |
| Orc Burrow | 6 | |
| War Mill | 1 | |
| Voodoo Lounge | 1 | |
| Watch Tower | 4 | |
| Stronghold | 2 | |
| Fortress | 1 | |
| Spirit Lodge | 1 | |
| Tauren Totem | 2 | |
19 total
» build order
00:26 Altar of Storms
00:39 Orc Burrow
00:56 War Mill
01:34 Voodoo Lounge
01:37 Orc Burrow
02:37 Watch Tower
03:09 Watch Tower
03:33 Stronghold
03:33 Stronghold
04:02 Orc Burrow
05:40 Orc Burrow
06:01 Fortress
06:12 Spirit Lodge
08:25 Tauren Totem
08:28 Tauren Totem
08:59 Orc Burrow
13:39 Watch Tower
13:40 Watch Tower
21:23 Orc Burrow
» items
| Orb of Lightning | 1 | |
| Potion of Healing | 2 | |
| Boots of Speed | 1 | |
| Scroll of Protection | 1 | |
| Scroll of Town Portal | 2 | |
| Circlet of Nobility | 1 | |
8 total

»
MasterOfPoo (
green | 54 APM | 1301 actions | 23:55)
5 Blademaster
3 Wind Walk
2 Critical Strike
1 Shadow Hunter
1 Healing Wave
» actions
| Basic commands | 73 | |
| Build / train | 38 | |
| ESC pressed | 4 | |
| Enter build submenu | 17 | |
| Enter hero's abilities submenu | 6 | |
| Give item / drop item | 5 | |
| Right click | 665 | |
| Select / deselect | 410 | |
| Use ability | 83 | |
1301 total
» units
» upgrades
| Pillage | 1 | |
| Melee Weapons | 2 | |
| Armor | 2 | |
5 total
» buildings
| Altar of Storms | 1 | |
| Orc Burrow | 9 | |
| Voodoo Lounge | 1 | |
| War Mill | 1 | |
| Barracks | 2 | |
| Watch Tower | 11 | |
| Stronghold | 1 | |
26 total
» build order
00:04 Altar of Storms
00:13 Orc Burrow
00:21 Voodoo Lounge
01:23 War Mill
02:15 Barracks
03:10 Orc Burrow
03:28 Orc Burrow
03:29 Orc Burrow
04:18 Watch Tower
04:19 Watch Tower
04:22 Watch Tower
04:23 Watch Tower
05:40 Stronghold
06:51 Watch Tower
06:52 Watch Tower
11:20 Orc Burrow
11:41 Orc Burrow
11:44 Watch Tower
11:45 Watch Tower
11:46 Watch Tower
11:48 Watch Tower
11:50 Watch Tower
12:32 Barracks
13:33 Orc Burrow
14:34 Orc Burrow
17:34 Orc Burrow
» items
| Healing Salve | 2 | |
| Orb of Lightning | 1 | |
3 total
DarkForest (
purple | 65 APM | 1827 actions | 28:16)
7 Warden
3 Fan of Knives
3 Blink
1 Spirit of Vengeance
» actions
| Assign group hotkey | 147 | |
| Basic commands | 56 | |
| Build / train | 67 | |
| Enter build submenu | 33 | |
| Enter hero's abilities submenu | 7 | |
| Give item / drop item | 3 | |
| Right click | 845 | |
| Select / deselect | 396 | |
| Select group hotkey | 191 | |
| Use ability | 82 | |
1827 total
» units
| Wisp | 19 | |
| Archer | 6 | |
| Chimaera | 7 | |
| Hippogryph | 10 | |
42 total
» upgrades
| Well Spring | 1 | |
| Strength of the Wild | 2 | |
| Reinforced Hides | 1 | |
| Corrosive Breath | 1 | |
5 total
» buildings
| Moon Well | 12 | |
| Altar of Elders | 1 | |
| Ancient of War | 2 | |
| Hunter's Hall | 1 | |
| Tree of Ages | 1 | |
| Ancient Protector | 7 | |
| Tree of Eternity | 1 | |
| Ancient of Wind | 1 | |
| Chimaera Roost | 3 | |
| Ancient of Wonders | 1 | |
| Tree of Life | 1 | |
31 total
» build order
00:12 Moon Well
00:45 Moon Well
01:00 Altar of Elders
01:30 Moon Well
03:13 Moon Well
03:47 Ancient of War
03:50 Ancient of War
03:57 Moon Well
04:29 Hunter's Hall
04:33 Moon Well
04:36 Moon Well
04:39 Moon Well
04:43 Moon Well
05:06 Moon Well
06:30 Tree of Ages
06:36 Ancient Protector
06:44 Ancient Protector
09:45 Tree of Eternity
10:24 Ancient of Wind
12:33 Chimaera Roost
12:35 Chimaera Roost
12:40 Chimaera Roost
15:07 Ancient of Wonders
15:14 Ancient Protector
15:17 Ancient Protector
15:22 Ancient Protector
16:47 Ancient Protector
16:50 Ancient Protector
18:49 Moon Well
18:50 Moon Well
27:20 Tree of Life
» items
| Scroll of Regeneration | 1 | |
| Scroll of Town Portal | 3 | |
| Boots of Speed | 1 | |
| Staff of Teleportation | 1 | |
| Orb of Venom | 1 | |
| Periapt of Vitality | 1 | |
| Dust of Appearance | 1 | |
| Potion of Healing | 1 | |
10 total
FexxFendi (
teal | 86 APM | 2025 actions | 23:35)
5 Blood Mage
1 Banish
3 Flame Strike
1 Siphon Mana
» actions
| Assign group hotkey | 23 | |
| Basic commands | 7 | |
| Build / train | 101 | |
| ESC pressed | 2 | |
| Enter build submenu | 18 | |
| Enter hero's abilities submenu | 5 | |
| Give item / drop item | 2 | |
| Right click | 1335 | |
| Select / deselect | 372 | |
| Select group hotkey | 50 | |
| Use ability | 108 | |
2025 total
» units
» upgrades
| Gunpowder | 2 | |
| Armor | 2 | |
| Long Rifles | 1 | |
| Lumber Harvesting | 1 | |
6 total
» buildings
| Altar of Kings | 1 | |
| Farm | 7 | |
| Scout Tower | 14 | |
| Arcane Tower | 6 | |
| Lumber Mill | 1 | |
| Blacksmith | 1 | |
| Barracks | 2 | |
| Arcane Vault | 1 | |
| Keep | 2 | |
| Guard Tower | 23 | |
| Castle | 4 | |
62 total
» build order
00:25 Altar of Kings
00:38 Farm
01:18 Farm
01:22 Scout Tower
01:51 Arcane Tower
01:51 Arcane Tower
02:22 Lumber Mill
02:29 Farm
02:34 Blacksmith
02:43 Barracks
02:51 Barracks
03:11 Farm
04:20 Farm
05:23 Arcane Vault
06:43 Keep
09:10 Farm
09:17 Farm
13:42 Scout Tower
13:43 Scout Tower
13:45 Scout Tower
13:45 Scout Tower
13:47 Scout Tower
13:48 Scout Tower
13:50 Scout Tower
13:51 Scout Tower
13:52 Scout Tower
14:40 Guard Tower
14:40 Guard Tower
14:40 Guard Tower
14:46 Guard Tower
14:47 Guard Tower
14:58 Guard Tower
14:59 Guard Tower
14:59 Guard Tower
14:59 Guard Tower
15:09 Guard Tower
15:09 Guard Tower
15:09 Guard Tower
15:10 Guard Tower
15:25 Scout Tower
15:29 Scout Tower
15:30 Scout Tower
15:34 Scout Tower
16:07 Guard Tower
16:08 Guard Tower
16:08 Guard Tower
16:10 Arcane Tower
16:10 Arcane Tower
16:53 Castle
16:54 Castle
16:54 Castle
» items
| Boots of Speed | 1 | |
| Scroll of Regeneration | 3 | |
| Lesser Clarity Potion | 2 | |
| Scroll of Town Portal | 2 | |
| Potion of Healing | 1 | |
| Orb of Fire | 1 | |
10 total
Chat log
(00:07 / All) Blademaster_: finally, no afk fucker
(00:12 / All) SWSSHIP.: woo hoo
(00:17 / All) Newbs-: too many queers roaming around
(00:18 / All) MasterOfPoo: WHITE POWER
(01:07 / All) SWSSHIP.: pierce brosnan is the best james bond
(01:08 / Allies) peaceoff: mass archers
(01:16 / All) peaceoff: agree
(01:19 / All) DarkForest: Daniel Craig
(01:20 / All) Newbs-: that is fantasy
(01:27 / All) Newbs-: spies don't come out alive
(01:43 / All) SWSSHIP.: craig is 3rd behind brosnan and connery
(01:55 / All) Newbs-: real life spies
(01:58 / All) DarkForest: they played in the trash bonds
(01:59 / All) Newbs-: get tortured
(02:07 / All) Newbs-: and don't make fake hollywood movies
(02:14 / All) Newbs-: but it looks cool
(02:33 / All) Newbs-: hey, somebody has to but the tickest
(02:51 / All) SWSSHIP.: bm battle
(03:29 / All) DarkForest: blue you're such a queer
(03:41 / All) DarkForest: level 1 harassing retard
(03:50 / Allies) Okdok5888: they tech?
(03:54 / All) SWSSHIP.: truce green
(03:57 / All) SWSSHIP.: i leave u alone u leave me
(04:48 / All) Newbs-: have you all seen the documentary from hbo?
(04:53 / All) SWSSHIP.: about
(05:05 / All) Newbs-: check it out
(05:10 / All) Newbs-: it is Titled
(05:13 / All) Newbs-: Time of Death
(05:17 / All) Okdok5888: we rush
(05:19 / All) Okdok5888: they tech
(05:23 / All) Newbs-: it is about the growing cancer inside of your body
(05:34 / All) Newbs-: that is you
(05:48 / All) Newbs-: look it up
(05:58 / All) Newbs-: Time Of Death hbo documentary
(06:06 / All) Newbs-: it';s about you
(06:28 / All) MasterOfPoo: lol
(06:35 / All) Newbs-: don't Cry and say I didn't warn you
(06:45 / All) MasterOfPoo: so much for the truce
(06:51 / All) SWSSHIP.: u never siad yes fool
(07:01 / All) MasterOfPoo: heard rumours u are black
(07:25 / All) Newbs-: is that True?
(08:35 / All) MasterOfPoo: wtf
(08:36 / All) SWSSHIP.: LOL
(08:38 / All) DarkForest: I despise you blue
(08:42 / All) MasterOfPoo: i windwalked lol
(08:42 / All) SWSSHIP.: hacks bro
(08:43 / All) SWSSHIP.: hacks
(09:07 / All) DarkForest: IO hate I went ne
(09:10 / All) DarkForest: vs this fucking dumb trash
(09:31 / All) DarkForest: I wasn't even going to fucking get a hero
(09:36 / All) DarkForest: mnoron
(09:59 / All) DarkForest: I got hero late
(10:03 / All) DarkForest: because he aws next to me
(10:12 / All) DarkForest: Look at where he puts his burrows
(10:15 / All) DarkForest: You suck blue
(10:40 / All) SWSSHIP.: nice allies green
(10:44 / All) MasterOfPoo: right?
(10:50 / All) MasterOfPoo: worst part is red has cost me so many games
(10:53 / All) MasterOfPoo: this is embarassing
(15:26 / Allies) peaceoff: star fall now
(15:35 / Allies) SWSSHIP.: teal is weak
(15:36 / Allies) SWSSHIP.: hit teal
(17:17 / All) Newbs-: gg, purple is a chimp fagget doesnt know how to COUNTER
(17:22 / All) DarkForest: lol
(17:26 / All) DarkForest: orange is a retard doesn't know how to buy a TP
(17:54 / All) DarkForest: I'm playing so bad this game
(18:01 / All) Blademaster_: Ne sucks
(18:05 / All) DarkForest: nah
(18:07 / All) DarkForest: I'm just dumb
(18:10 / All) DarkForest: I didn't even see red
(18:11 / All) Blademaster_: race for noobs, so only noobs can play it well
(18:23 / All) DarkForest: frustrated because Ididn't want to get a hero
(18:46 / All) Newbs-: most of these chimps don't know what counter means
(18:54 / All) DarkForest: Dawg stfu
(18:59 / All) MasterOfPoo: dawg?
(19:02 / All) DarkForest: If no one is with you you can't blame it on them you get kileld
(19:02 / All) Newbs-: purple is a queer
(19:06 / All) Newbs-: so obvious
(19:22 / All) Newbs-: purple is a chimp chump queer
(19:22 / All) DarkForest: hurp durp I'm gonna a move all by lonesome
(19:26 / All) DarkForest: either without a tp or won't use one
(19:31 / All) DarkForest: OH FUCK I GOT KILLED BLAME IT ON MY ALLIES
(19:33 / All) DarkForest: Fucking retard
(19:42 / All) Newbs-: wath the replay monkey brains
(19:58 / All) DarkForest: I was still getting my units you fag
(20:05 / All) DarkForest: 40-40
(20:10 / All) DarkForest: it's clera you are a moron
(20:18 / Allies) peaceoff: blue
(20:26 / Allies) Okdok5888: ?
(20:36 / Allies) peaceoff: u fucking idiot
(21:19 / All) MasterOfPoo: hero kills are that important?
(22:07 / All) Newbs-: purple log off forever
(22:13 / All) Newbs-: you are too much of a chimjp
(23:20 / All) MasterOfPoo: i guess if u want a good record thats an easy way to win being cheap
(23:38 / All) Newbs-: Trust Me fours is nothing special
(23:44 / All) Newbs-: too many online rejects
(23:48 / All) MasterOfPoo: talk to the mass tower nub
(25:44 / Allies) SWSSHIP.: u get to keep one hero red
(25:54 / All) Blademaster_: hero stuck bug, sigh
(26:42 / All) DarkForest: I was just gonna mass trees
(26:49 / All) DarkForest: but that faggot blue bm harass
(27:26 / All) peaceoff: have fun, yellow noob
(27:33 / All) SWSSHIP.: i aint n noob
(27:54 / All) SWSSHIP.: lol
(28:02 / All) SWSSHIP.: blue was being a nigga i see
(28:03 / All) Blademaster_: who win/lose
(28:06 / All) SWSSHIP.: up to bob
(28:07 / All) DarkForest: newbs lose
(28:07 / All) Blademaster_: I have no preference
(28:13 / All) DarkForest: even though blue is a retard cunt